 Dungeon Crawl Stone Soup version 0.27.0-66-gdc8fb28755 (webtiles) character file.

Game seed: 17202603921648695768

90 sanka the Chopper (level 4, -2/37 HPs)
             Began as a Palentonga Abyssal Knight on Aug 20, 2021.
             Was a Follower of Lugonu.
             Slain by a wight (5 damage)
             ... on level 2 of the Dungeon.
             The game lasted 00:03:20 (2748 turns).

sanka the Chopper (Palentonga Abyssal Knight)       Turns: 2748, Time: 00:03:20

Health: -2/37      AC:  5    Str: 16    XL:     4   Next: 32%
Magic:  0/5        EV:  9    Int: 13    God:    Lugonu [*.....]
Gold:   61         SH:  0    Dex:  9    Spells: 3/3 levels left

rFire    . . .     SeeInvis +   a - +1 hand axe
rCold    . . .     Faith    .   (no shield)
rNeg     . . .     Spirit   +   b - +0 leather armour
rPois    .         Reflect  .   (no helmet)
rElec    .         Harm     .   (no cloak)
rCorr    .         Rampage  .   k - +0 pair of gloves
Will     .....                  (no barding)
Stlth    +.........             j - amulet of guardian spirit
HPRegen  0.12/turn              (no ring)
MPRegen  0.09/turn              (no ring)

@: no status effects
A: large, rugged brown scales 3, see invisible, deformed body, roll 1, armoured
tail
a: Rolling Charge, Renounce Religion, Depart the Abyss


You were on level 2 of the Dungeon.
You worshipped Lugonu.
Lugonu was aware of your devotion.
You visited 1 branch of the dungeon, and saw 3 of its levels.
You visited the Abyss 1 time.

You collected 61 gold pieces.


Innate Abilities, Weirdness & Mutations

You are completely covered in rugged brown scales. (AC +3, +7% HP)
You have supernaturally acute eyesight. (SInv)
Armour fits poorly on your strangely shaped body.
You can roll at nearby foes to attack.
You have a long armoured tail.


   Skills:
 - Level 3.0 Fighting
 + Level 4.6 Axes
 - Level 1.5 Armour
 - Level 0.7 Dodging
 - Level 2.0 Invocations


You had 3 spell levels left.
You didn't know any spells.
Your spell library contained the following spells:

 Spells                   Type           Power      Damage    Failure   Level
 Tukima's Dance           Hex            0%         N/A       75%         3
 Passage of Golubria      Tloc           N/A        N/A       98%         4
 Yara's Violent Unravell  Hex/Tmut       0%         3d3       100%        5

Inventory:

Hand Weapons
 a - a +1 hand axe (weapon)
Missiles
 d - 13 poisoned darts
Armour
 b - a +0 leather armour (worn)
 k - a +0 pair of gloves (worn)
Jewellery
 j - an amulet of guardian spirit (around neck)
Scrolls
 c - 2 scrolls of teleportation {unknown}
 h - 4 scrolls of identify {unknown}
 i - a scroll of brand weapon {unknown}
Potions
 e - 2 potions of heal wounds {unknown}
 f - a potion of cancellation {unknown}
 g - 2 potions of degeneration {unknown}
 l - a potion of ambrosia {unknown}

Dungeon Overview and Level Annotations

Branches:
Dungeon (3/15)

Altars:

Annotations:
D:1 Ijyb

▒▒.▒▒......▒▒▒▒.........▒▒▒......
▒.▒▒.......▒▒▒....▒.▒▒▒▒▒▒......
▒.▒▒...≈≈≈≈≈≈≈≈≈▒.▒.▒<......▒▒▒+
▒▒.▒▒...≈▒≈≈≈≈≈▒≈▒.▒.▒▒▒▒▒▒▒...▒.
........≈▒≈▒▒▒≈▒≈..............+.
▒▒▒▒▒▒.▒≈▒≈≈≈≈≈▒≈▒.▒......▒....▒.
........≈≈≈≈≈≈≈≈≈▒.▒......▒....▒.
.............▒▒▒.▒.▒▒.....▒.▒▒▒▒.
).......▒▒.▒.▒ ▒H▒..........▒ ▒.
▒.......▒▒.▒.▒ ▒z▒▒▒▒▒▒▒▒▒▒▒▒▒▒▒.
▒8)....8▒▒.▒.▒ ▒.▒ ▒.............
▒.......▒▒.▒.▒ ▒.▒ ▒.......▒▒....
▒8.....8▒▒.▒.▒ ▒.▒ ▒.......▒▒....
▒.......▒▒.▒.▒▒▒.▒ ▒.......▒▒....
▒8.....8▒▒.▒.....▒▒▒.......▒▒.▒..
▒.......▒▒.▒▒▒▒▒▒▒▒........▒▒.▒..
▒8.....8▒▒.................▒▒.▒..


You could see a wight.


Message History

The wight hits you with a +4 great sword!
* * * LOW HITPOINT WARNING * * *
There is an open door here.
You hit the wight but do no damage. The wight closely misses you.
You closely miss the wight.
The wight hits you with a +4 great sword!
* * * LOW HITPOINT WARNING * * *
You hit the wight but do no damage.
Your tail-slap misses the wight.
The wight closely misses you.
You hit the wight but do no damage. The wight misses you.
You hit the wight.
The wight is moderately damaged.
The wight hits you with a +4 great sword!
* * * LOW HITPOINT WARNING * * *
You barely miss the wight.
The wight is moderately damaged.
The wight hits you with a +4 great sword.
* * * LOW HITPOINT WARNING * * *
Unknown command.
You hit the wight but do no damage. You tail-slap the wight!
The wight is almost destroyed.
The wight barely misses you.
You completely miss the wight.
The wight is almost destroyed.
The wight hits you with a +4 great sword.
You die...

Action                   |  1- 3 |  4- 6 || total
-------------------------+-------+-------++-------
Melee: Hand axe          |   109 |    41 ||   150
       Tailslap          |    10 |     4 ||    14
Invok: Depart the Abyss  |     1 |       ||     1
 Abil: Rolling Charge    |     2 |     3 ||     5
Armor: Leather armour    |    54 |    18 ||    72
Dodge: Dodged            |    66 |    26 ||    92

Levels and vault maps discovered:
D:1:      dpeg_arrival_tiny_g, layout_basic, ebering_ecumenical_altar_hall,
          feat_on_display
D:2:      kennysheep_the_goblin_king, layout_basic, minmay_crystal_water,
          st_stairs_14
D:3:      layout_rooms, serial_shops, shop, minmay_increasing_density,
          uniq_crazy_yiuf_cottage

Notes
Turn   | Place    | Note
-------+----------+-------------------------------------------
     0 | Abyss:1  | sanka the Palentonga Abyssal Knight began the quest for the
                  | Orb.
     0 | Abyss:1  | Reached XP level 1. HP: 19/19 MP: 2/2
    49 | Abyss:1  | Noticed a small abomination
    64 | Abyss:1  | Noticed a large abomination
    68 | Abyss:1  | Noticed a rakshasa
    70 | D:1      | Escaped the Abyss
   655 | D:1      | Reached XP level 2. HP: 18/25 MP: 3/3
   755 | D:1      | Found a faded altar of an unknown god.
   756 | D:1      | Reached * piety under Lugonu
   770 | D:1      | Reached skill level 3 in Axes
  1056 | D:2      | Reached XP level 3. HP: 25/31 MP: 4/4
  1219 | D:2      | Reached skill level 4 in Axes
  1471 | D:2      | Noticed Ijyb
  1496 | D:1      | HP: 3/31 [Ijyb (1)]
  1954 | D:2      | Reached XP level 4. HP: 27/37 MP: 2/5
  2746 | D:2      | HP: 3/37 [wight (4)]
  2748 | D:2      | Slain by a wight

Vanquished Creatures
  4 adders (D:2)
  2 worms (D:2)
  2 dart slugs
  A ball python (D:1)
  8 bats
  An endoplasm (D:2)
  2 giant cockroaches
  10 goblins
  2 hobgoblins
  3 jackals (D:2)
  A quokka (D:2)
  2 frilled lizards (D:1)
  3 kobolds
  3 rats
44 creatures vanquished.
